 Dungeon Crawl Stone Soup version 0.27.0-1-g7a089689b8 (webtiles) character file.

Game seed: 14564023768190012902

156 Spectrina the Magician (level 5, -1/35 HPs)
             Began as a Djinni Necromancer on Aug 16, 2021.
             Was a Follower of the Shining One.
             Slain by an ogre (19 damage)
             ... on level 4 of the Dungeon.
             The game lasted 00:13:09 (1491 turns).

Spectrina the Magician (Djinni Necromancer)         Turns: 1491, Time: 00:13:10

Health: -1/35      AC:  3    Str:  9    XL:     5   Next: 64%
Gold:   95         EV: 12    Int: 18    God:    the Shining One [*.....] SH:  0 Dex: 13

rFire    + . .     SeeInvis .   k - +0 short sword
rCold    . . .     Faith    .   (no shield)
rNeg     . . .     Spirit   .   a - +1 robe
rPois    ∞         Reflect  .   (no helmet)
rElec    .         Harm     .   (no cloak)
rCorr    .         Rampage  .   (no gloves)
Will     .....                  (boots unavailable)
Stlth    +.........             (no amulet)
HPRegen  0.11/turn              i - ring of ice
MPRegen  0.00/turn              (no ring)

@: about to teleport, flying, glowing
A: sickness immunity, fire resistance 2, cold vulnerability 1, float, innate
caster, hp casting, extra vitality 1, strong 1, sturdy frame 1
a: Renounce Religion


You were on level 4 of the Dungeon.
You worshipped the Shining One.
The Shining One was aware of your devotion.
You visited 1 branch of the dungeon, and saw 4 of its levels.

You collected 95 gold pieces.

Inventory:

Hand Weapons
 k - a +0 short sword (weapon)
 r - a +0 whip
Missiles
 b - 21 sling bullets
 d - 102 stones (quivered)
 l - 12 boomerangs
 p - 19 arrows
 t - 12 poisoned darts
 u - 4 curare-tipped darts
Armour
 a - a +1 robe (worn)
 g - a +0 kite shield
Jewellery
 i - a ring of ice (left hand)
Wands
 j - a wand of acid (11)
Scrolls
 c - a scroll of magic mapping {unknown}
 e - a scroll of blinking
 m - a scroll of immolation
Potions
 n - a potion of ambrosia {unknown}
 o - a potion of berserk rage {unknown}
 s - a potion of magic {unknown}


   Skills:
 - Level 2.1 Dodging
 - Level 1.5 Stealth
 + Level 5.0 Spellcasting
 + Level 0.7 Invocations


You couldn't memorise any spells.
You knew the following spells:

 Your Spells              Type           Power      Damage    Failure   Level
a - Slow                  Hex            22%        N/A       2%          2
l - Beastly Appendage     Tmut           44%        N/A       1%          1
I - Agony                 Necr           22%        N/A       43%         5
P - Pain                  Necr           88%        1d8       1%          1
R - Vampiric Draining     Necr           11%        2d7       4%          3
T - Animate Dead          Necr           11%        N/A       17%         4
Y - Animate Skeleton      Necr           44%        N/A       1%          1
Your spell library was empty.

Dungeon Overview and Level Annotations

Branches:
Dungeon (4/15)
 Temple: D:4-7

Altars:
Kikubaaqudgha
The Shining One

Shops:
D:3 :


Innate Abilities, Weirdness & Mutations

You are immune to sickness and miasma.
You are immune to poison.
Your flesh is very heat resistant. (rF++)
You are vulnerable to cold. (rC-)
You float through the air rather than walking.
You learn spells naturally, not from books.
Your magical power is your life essence.
You have superior vitality. (+4 HP)
Your muscles are strong. (Str +2)
Your movements are slightly less encumbered by armour. (ER -2)


Message History

You see here 12 stones.
As you close the door, it creaks loudly!
The hound skeleton bites you.
You hit the hound skeleton.
The hound skeleton is moderately damaged.
The hound skeleton bites you.
You hit the hound skeleton.
The hound skeleton is moderately damaged.
The hound skeleton bites you. x2
Blink to where?
Press: ? - help, Dir - move target
As you read the scroll labelled XOPEOKHL FEDEE, it crumbles to dust.
It was a scroll of blinking.
The hound skeleton bites you.
You reach down and open the door.
The hound skeleton bites you but does no damage.
An ogre opens the door.
Unknown command.
The hound skeleton bites you but does no damage.
There is an open door here.
You see here 23 stones.
You see here a scroll labelled OTYANA TEEDGHYU.
v - a scroll labelled OTYANA TEEDGHYU The hound skeleton bites you.
The hound skeleton bites you but does no damage.
As you read the scroll labelled NIBITR CIPLIBB, it crumbles to dust.
You hear a loud clanging noise!
It was a scroll of noise.
The hound skeleton bites you.
As you read the scroll labelled OTYANA TEEDGHYU, it crumbles to dust.
It is a scroll of identify.
m - a scroll of immolation The hound skeleton closely misses you.
The ogre closely misses you.
As you read the scroll labelled BOCSUNG ADOMM, it crumbles to dust.
It is a scroll of enchant armour.
Your +0 robe glows green for a moment.
The hound skeleton barely misses you.
As you read the scroll labelled GOCLYM POFOU, it crumbles to dust.
You feel strangely unstable.
It was a scroll of teleportation.
The hound skeleton bites you.
The ogre hits you with a +0 giant spiked club!!
Ouch! That really hurt!
You die...

#.....###.#..###.##......
#.........#.#.#.## .###.
#.....#####.##..# #
#.....# #...#'## #.#
#.....# #####!(# #. #.#
#.#.### #.[# #.## ##.#
#.#O# #'## #..##### ##...
#.#.# #OZ###...#.. ....
#.#.# #$@##.#.#.#.## .).
..#.# ####.....###.# #>#
###.. ##.##.....#.># #.#
## ##...#....<.#.####.#
#..................#
#....#......#.###..#
#.#<##......#.#....#
#.#.#....##.#.#....#
#.#.#####.#..)..##


You could see an ogre and a hound skeleton.

Vanquished Creatures
  2 orc priests (D:4)
  Jessica (D:2)
  A hound skeleton (D:4)
  A gnoll (D:4)
  A dart slug (D:3)
  6 orcs
  6 ball pythons
  4 endoplasms
  A giant cockroach (D:3)
  A goblin (D:1)
  5 hobgoblins
  A kobold (D:1)
  4 quokkas
  5 bats
  A frilled lizard (D:2)
  3 rats
43 creatures vanquished.

Notes
Turn   | Place    | Note
-------+----------+-------------------------------------------
     0 | D:1      | Spectrina the Djinni Necromancer began the quest for the
                  | Orb.
     0 | D:1      | Reached XP level 1. HP: 15/15 MP: 0/0
   146 | D:2      | Reached XP level 2. HP: 8/21 MP: 0/0
   552 | D:1      | Found a faded altar of an unknown god.
   561 | D:1      | Became a worshipper of the Shining One
   561 | D:1      | Reached * piety under the Shining One
   646 | D:2      | Noticed Jessica
   647 | D:2      | Gained mutation: Your movements are slightly less
                  | encumbered by armour. (ER -2) [potion of mutation]
   647 | D:2      | Gained mutation: Your muscles are strong. (Str +2) [potion
                  | of mutation]
   653 | D:2      | Killed Jessica
   654 | D:2      | Reached skill level 4 in Spellcasting
   654 | D:2      | Reached XP level 3. HP: 5/25 MP: 0/0
   654 | D:2      | Learned a level 1 spell: Beastly Appendage
   808 | D:4      | Reached XP level 4. HP: 15/31 MP: 0/0
   839 | D:4      | Reached XP level 5. HP: 20/35 MP: 0/0
   839 | D:4      | Learned a level 2 spell: Slow
   907 | D:3      | Found Ickyov's Book Boutique.
  1210 | D:3      | Reached skill level 5 in Spellcasting
  1446 | D:4      | Noticed an ogre
  1491 | D:4      | Slain by an ogre

Illustrated notes

Levels and vault maps discovered:
D:1:      saegor_arrival_simple_b, layout_basic,
          dreamdust_ecumenical_altar_sealed_demon
D:2:      layout_loops_ring, basic_altar, kennysheep_jessica_study
D:3:      layout_basic, serial_shops, nicolae_lakefront_shop,
          patterned_corridor, uniq_grinder
D:4:      layout_loops_ring, nicolae_dithmenos_the_darkroom, serial_shops,
          nicolae_shop_crystal, corexii_mini_fake_secret_closet,
          nicolae_underground_beach

Skill      XL: |  1  2  3  4  5 |
---------------+----------------+-----
Spellcasting   | 4 5 |  5.0
Dodging        | |  2.1
Stealth        | |  1.5
Invocations    | |  0.7

Action                   |  1- 3 |  4- 6 || total
-------------------------+-------+-------++-------
Melee: Short sword       |    31 |    66 ||    97
       Headbutt          |       |     7 ||     7
Throw: Stone             |     2 |       ||     2
 Cast: Pain              |    25 |       ||    25
       Animate Skeleton  |     4 |       ||     4
       Beastly Appendage |     1 |     6 ||     7
       Slow              |       |     2 ||     2
Evoke: Wand              |       |     2 ||     2
  Use: Potion            |     2 |       ||     2
       Scroll            |       |     5 ||     5
Armor: Robe              |     3 |    11 ||    14
Dodge: Dodged            |    25 |    48 ||    73
